 Dungeon Crawl Stone Soup version 0.18.1-50-g88ac8fd (webtiles) character file.

144 Dioneo the Sneak (level 5, -2/25 HPs)
             Began as a Spriggan Enchanter on Oct 9, 2016.
             Was an Initiate of Ashenzari.
             Slain by Crazy Yiuf
             ... wielding a +4 quarterstaff of chaos
              (12 damage)
             ... on level 3 of the Dungeon.
             The game lasted 00:16:25 (4423 turns).

Dioneo the Sneak (Spriggan Enchanter)               Turns: 4423, Time: 00:16:26

Health: -2/25      AC:  3    Str:  4    XL:     5   Next: 5%
Magic:  0/10       EV: 18    Int: 17    God:    Ashenzari [......]
Gold:   110        SH:  0    Dex: 17    Spells: 4 memorised, 0 levels left

rFire  . . .     SeeInvis +     a - +1 dagger
rCold  . . .     Gourm    .     b - +1 robe (curse)
rNeg   + . .     Faith    .     (shield restricted)
rPois  .         Spirit   .     (helmet restricted)
rElec  .         Dismiss  .     (no cloak)
rCorr  .         Reflect  .     (gloves unavailable)
SustAt .         Harm     .     (boots unavailable)
MR     .....                    (no amulet)
Stlth  ++++......               (no ring)
                                m - ring of positive energy

@: slowed, drained, quick, not resistant to hostile enchantments, stealthy
A: unfitting armour, see invisible, herbivore 3, speed 3, slow metabolism 2
a: Curse Item, Renounce Religion


You were on level 3 of the Dungeon.
You worshipped Ashenzari.
Ashenzari was noncommittal.
You were hungry.

You visited 1 branch of the dungeon, and saw 3 of its levels.

You collected 110 gold pieces.

Inventory:

Hand Weapons
 a - a +1 dagger (weapon)
Armour
 b - a cursed +1 robe (worn)
Jewellery
 m - a ring of positive energy (left hand)
Wands
 j - a wand of confusion (16/48)
Scrolls
 f - 2 scrolls of fog
 g - a scroll of blinking {unknown}
 h - a scroll of magic mapping {unknown}
 n - 2 scrolls of teleportation {unknown}
 q - a scroll of enchant weapon {unknown}
Potions
 e - 2 potions of flight
 i - 2 potions of mutation
 k - a potion of magic
 l - a potion of heal wounds
Books
 c - a book of Maledictions

   Spells                             Type                      Level
   a - Corona                         Hexes                        1
   b - Ensorcelled Hibernation        Hexes/Ice                    2
   c - Confuse                        Hexes                        3
   d - Tukima's Dance                 Hexes                        3
   e - Dazzling Spray                 Conjuration/Hexes            3
 p - a book of the Tempests

   Spells                             Type                      Level
   a - Static Discharge               Conjuration/Air              3
   b - Lightning Bolt                 Conjuration/Air              5
   c - Fireball                       Conjuration/Fire             5
   d - Tornado                        Air                          9
   e - Shatter                        Earth                        9
Comestibles
 d - 2 bread rations


   Skills:
 - Level 1.0(0.8) Fighting
 + Level 2.6(2.5) Short Blades
 - Level 3.0(2.8) Dodging
 * Level 7.1(6.9) Stealth
 - Level 2.6(2.5) Spellcasting
 + Level 4.2(4.0) Hexes


You couldn't memorise any spells.
You knew the following spells:

 Your Spells              Type           Power        Failure   Level  Hunger
a - Corona                Hex            ###....      3%          1    #......
b - Ensorcelled Hibernat  Hex/Ice        #.....       14%         2    ##.....
c - Tukima's Dance        Hex            ###.....     12%         3    ###....
d - Confuse               Hex            ###.....     12%         3    ###....


Dungeon Overview and Level Annotations

Branches:
Dungeon (3/15)

Altars:
Ashenzari
Kikubaaqudgha

Annotations:
D:3 Crazy Yiuf


Innate Abilities, Weirdness & Mutations

You are tiny and cannot use many weapons and most armour.
You have supernaturally acute eyesight.
You are a herbivore.
You cover ground extremely quickly.
You need consume almost no food.


Message History

Press: ? - help, Shift-Dir - straight line, f/p - Crazy Yiuf
Aim: Crazy Yiuf, wielding a quarterstaff of chaos, wearing a runed cloak and carrying a wand of slowing {empty} (chance to defeat MR: 54%) Crazy Yiuf resists with almost no effort.
Evoking this partially-identified wand wasted a few charges.
Crazy Yiuf says, "Cholesterol!"
Evoke which item? (* to show all) (? for menu, Esc to quit)
Zapping:
j - a wand of confusion {zapped: 7} (will waste charges)
Press: ? - help, Shift-Dir - straight line, f/p - Crazy Yiuf
Aim: Crazy Yiuf, wielding a quarterstaff of chaos, wearing a runed cloak and carrying a wand of slowing {empty} (chance to defeat MR: 54%) Crazy Yiuf resists with almost no effort.
Evoking this partially-identified wand wasted a few charges.
Casting: Confuse
Confirm with . or Enter, or press ? or * to list all spells.
Aiming: Tukima's Dance
Press: ? - help, Shift-Dir - straight line, f/p - Crazy Yiuf
Aim: Crazy Yiuf, wielding a quarterstaff of chaos, wearing a runed cloak and carrying a wand of slowing {empty} (chance to defeat MR: 62%) Crazy Yiuf easily resists.
Crazy Yiuf hits you with a quarterstaff of chaos!
Space warps horribly around you!
You die...

....# #.# #...##..#.PP... ....#
#.## ########.#...#. ....#####
#..# #######. .###....# #..# #.
.#...#### ##..### ##. ...###
###.>#..# #.. #..### #...###.#
#.# #....## ##.####..# ##.#
#.##..####......@.# #..#
..###...###.###g#.############.##
..# ###..##.# #.#..............#
..# ##.##.###.###.############
..# #.....##..# #.# ..#
#>.#####.## #.# ..## #..## ##.#
#<# ...####.[.# #..# #.#
....#...#<###.## #.#


You could see Crazy Yiuf.

Vanquished Creatures
  An orc wizard (D:3)
  2 gnolls (D:3)
  4 adders
  A worm (D:2)
  A dart slug (D:1)
  A giant gecko (D:3)
  3 orcs (D:3)
  5 bats
  3 giant cockroaches
  6 goblins
  7 hobgoblins
  4 jackals (D:2)
  A quokka (D:3)
  A ball python (D:3)
  3 giant newts
  4 kobolds
  2 rats
  A fungus (D:3)
50 creatures vanquished.

Vanquished Creatures (collateral kills)
  A gnoll (D:3)
1 creature vanquished.

Grand Total: 51 creatures vanquished

Notes
Turn   | Place    | Note
--------------------------------------------------------------
     0 | D:1      | Dioneo the Spriggan Enchanter began the quest for the Orb.
     0 | D:1      | Reached XP level 1. HP: 9/9 MP: 5/5
   408 | D:1      | Reached skill level 5 in Stealth
   408 | D:1      | Reached XP level 2. HP: 13/13 MP: 6/6
   413 | D:1      | Learned a level 2 spell: Ensorcelled Hibernation
  1155 | D:2      | Found an ancient bone altar of Kikubaaqudgha.
  1364 | D:2      | Reached XP level 3. HP: 9/16 MP: 8/8
  1627 | D:2      | Learned a level 3 spell: Tukima's Dance
  1708 | D:2      | Found a shattered altar of Ashenzari.
  1709 | D:2      | Reached skill level 6 in Stealth
  1903 | D:2      | Became a worshipper of Ashenzari the Shackled
  2521 | D:3      | Reached XP level 4. HP: 21/21 MP: 9/9
  3647 | D:3      | Reached skill level 1 in Fighting
  3647 | D:3      | Reached skill level 7 in Stealth
  3665 | D:3      | Reached XP level 5. HP: 25/25 MP: 4/10
  3670 | D:3      | Learned a level 3 spell: Confuse
  3822 | D:3      | Noticed Crazy Yiuf
  4423 | D:3      | Slain by Crazy Yiuf

Skill      XL: |  1  2  3  4 |
---------------+-------------+-----
Stealth        | 5 6 7 |  7.1
Short Blades   | 2 |  2.6
Hexes          | 4 |  4.2
Fighting       | 1 |  1.0
Dodging        | |  3.0
Spellcasting   | |  2.6

Action                   |  1- 3 |  4- 6 || total
-------------------------+-------+-------++-------
Melee: Dagger            |   143 |   126 ||   269
 Cast: Corona            |     3 |       ||     3
       Ensorcelled Hiber |     6 |    11 ||    17
       Tukima's Dance    |       |     8 ||     8
       Confuse           |       |     2 ||     2
Invok: Curse Item        |     1 |       ||     1
Evoke: Wand              |       |     4 ||     4
  Use: Scroll            |     4 |     1 ||     5
 Stab: Sleeping          |    15 |     6 ||    21
  Eat: Fruit             |       |     3 ||     3
Armor: Robe              |    17 |     7 ||    24
Dodge: Dodged            |    95 |    62 ||   157
